AoeStats
← YOGI

Arena

509712780Analyzed
4v4 RM · 5d ago on Sep 27, 2026· 65m 26s· 8 players
Game mode
Random Map
Map size
Large (8 player)
Population
200
Speed
Normal
Resources
Standard
Victory
Conquest
Starting age
Dark Age
Ending age
Imperial Age
RankedLock teamsTeams togetherTeam positionsShared explorationLock speedFull tech treeHidden civsTurbo modeCheats
Victory
Defeat
🇨🇭 Franks · Switzerland
903
+13
🇺🇸 Spanish · United States
857
+15
🇮🇳 Turks · India
810
+17
🇺🇸 Vietnamese · United States
810
+17
🇬🇧 Romans · United Kingdom
884
-18
🇬🇧 Vietnamese · United Kingdom
876
-17
🇬🇧 Hindustanis · United Kingdom
835
-16
🇬🇧 Lithuanians · United Kingdom
721
-11
TheDrunkenKoala
3:27 Loom
11:46 Feudal Age
12:07 Horse Collar
12:14 Double-Bit Axe
19:34 Castle Age
19:21 Wheelbarrow
20:46 Bow Saw
20:39 Heavy Plow
25:06 Hand Cart
35:17 Pikeman
35:57 Squires
35:43 Gambesons
36:46 Gold Mining
36:46 Stone Mining
42:18 Imperial Age
39:59 Scale Barding Armor
39:54 Scale Mail Armor
39:55 Padded Archer Armor
39:47 Fletching
40:03 Light Cavalry
40:53 Bloodlines
42:22 Halberdier
43:52 Husbandry
45:02 Conscription
46:16 Forging
47:41 Town Watch
48:34 Stone Shaft Mining
47:24 Onager
48:45 Chain Mail Armor
49:06 Iron Casting
48:26 Bodkin Arrow
48:54 Ballistics
49:34 Murder Holes
50:43 Chemistry
50:41 Hussar
54:28 Bombard Tower
54:03 Murder Holes
55:13 Two-Man Saw
54:35 Chain Barding Armor
54:46 Plate Mail Armor
55:16 Blast Furnace
54:17 Padded Archer Armor
56:39 Elite Conquistador
64:03 Fortified Wall
64:04 Masonry
64:04 Careening
63:57 Town Patrol
63:22 Cavalier
63:50 Arson
63:29 Man-at-Arms
64:21 Fervor
64:27 Block Printing
64:12 Atonement
64:38 Illumination
64:23 Redemption
64:49 Theocracy
64:34 Sanctity
64:34 Heresy
64:10 Herbal Medicine
64:16 Devotion
64:23 Inquisition
63:56 Sappers
brad
10:45 Feudal Age
11:44 Feudal Age
14:08 Horse Collar
19:26 Castle Age
18:34 Padded Archer Armor
18:24 Fletching
20:35 Loom
21:29 Wheelbarrow
20:56 Double-Bit Axe
21:20 Heavy Plow
21:36 Bodkin Arrow
22:22 Bow Saw
24:43 Elite Skirmisher
24:47 Crossbowman
25:35 Thumb Ring
27:17 Ballistics
30:23 Gold Mining
33:42 Imperial Age
34:17 Hand Cart
35:35 Chemistry
34:39 Bracer
34:55 Leather Archer Armor
34:03 Arbalester
34:07 Elite Skirmisher
35:05 Stone Mining
39:22 Pikeman
40:02 Squires
45:16 Two-Man Saw
44:50 Crop Rotation
46:12 Elite Skirmisher
47:40 Ring Archer Armor
48:26 Imperial Skirmisher
52:04 Scale Barding Armor
52:12 Forging
55:09 Halberdier
55:43 Treadmill Crane
Internet User
2:04 Loom
11:16 Feudal Age
16:25 Castle Age
15:09 Forging
15:37 Stone Mining
18:19 Double-Bit Axe
24:54 Wheelbarrow
24:28 Gold Mining
27:24 Scale Mail Armor
28:21 Ordonnance Companies
34:23 Light Cavalry
39:06 Husbandry
41:08 Iron Casting
40:39 Scale Barding Armor
54:04 Imperial Age
52:25 Chain Mail Armor
54:49 Chain Barding Armor
55:31 Elite Throwing Axeman
56:54 Cavalier
59:35 Paladin
65:57 Conscription
65:16 Spies/Treason
YOGI
13:40 Feudal Age
18:52 Castle Age
17:20 Horse Collar
17:34 Double-Bit Axe
20:54 Heavy Plow
21:33 Bow Saw
21:59 Town Watch
22:49 Wheelbarrow
26:00 Padded Archer Armor
25:50 Fletching
27:06 Hand Cart
32:11 Imperial Age
30:10 Leather Archer Armor
29:51 Bodkin Arrow
30:20 Caravan
33:19 Elite Janissary
36:04 Two-Man Saw
35:18 Forging
35:08 Scale Mail Armor
35:39 Ring Archer Armor
35:10 Bracer
53:33 Iron Casting
53:13 Chain Mail Armor
56:28 Man-at-Arms
57:53 Long Swordsman
59:16 Two-Handed Swordsman
61:58 Champion
65:34 Bombard Tower
admurray0799
10:45 Feudal Age
14:53 Castle Age
12:46 Double-Bit Axe
16:49 Bow Saw
16:51 Horse Collar
23:18 Scale Barding Armor
23:24 Forging
23:34 Husbandry
23:45 Bloodlines
28:42 Chain Barding Armor
29:59 Gold Mining
30:36 Elite Skirmisher
32:31 Iron Casting
31:46 Fletching
36:18 Imperial Age
33:53 Bodkin Arrow
36:13 Crossbowman
36:59 Thumb Ring
39:17 Heavy Camel Rider
42:55 Blast Furnace
45:58 Plate Barding Armor
LavaMole
10:31 Loom
12:58 Feudal Age
18:06 Castle Age
17:29 Double-Bit Axe
17:28 Horse Collar
17:52 Gold Mining
17:52 Stone Mining
24:17 Crossbowman
47:50 Stone Shaft Mining
47:55 Bow Saw
IDMD0708
15:16 Feudal Age
21:20 Castle Age
20:32 Double-Bit Axe
20:32 Horse Collar
23:44 Scale Barding Armor
23:50 Forging
26:45 Chain Barding Armor
27:01 Iron Casting
43:01 Heavy Plow
charlie99cfc
9:56 Feudal Age
13:47 Castle Age
12:20 Double-Bit Axe
13:12 Horse Collar
15:13 Bow Saw
19:19 Wheelbarrow
20:24 Heavy Plow
21:01 Stone Mining
22:27 Gold Mining
23:10 Hand Cart
26:07 Fletching
28:54 Imperial Age
26:34 Loom
27:44 Bodkin Arrow
28:49 Padded Archer Armor
31:09 Heavy Scorpion
32:23 Man-at-Arms
33:04 Squires
34:34 Ballistics
35:15 Chemistry
34:39 Conscription
33:43 Long Swordsman
34:33 Scale Mail Armor
34:44 Forging
34:52 Legionary
35:50 Chain Mail Armor
34:58 Capped Ram
37:20 Ballistas
37:52 Siege Ram
40:52 Iron Casting
40:24 Scale Barding Armor
43:32 Elite Centurion
45:21 Chain Barding Armor
46:01 Blast Furnace
45:20 Siege Engineers
47:58 Plate Barding Armor
59:27 Pikeman
Connection lost

Rejoining the realm…

Still unreachable

The connection could not be restored.

Session expired

The server has moved on; the page needs a fresh start.